 Dungeon Crawl Stone Soup version 0.30-a0-779-g7971cf19c3 (webtiles) character file.

Game seed: 15759850713393898325

82539 Lavandula the Purifying Human (level 16, -7/125 HPs)
             Began as a Human Monk on Feb 16, 2023.
             Was a High Priest of Elyvilon.
             Killed from afar by a starcursed mass (13 damage)
             ... with an accursed screaming
             ... summoned by Mlioglotl
             ... while paralysed by accursed screaming
             ... on level 1 of the Shoals on Feb 17, 2023.
             The game lasted 00:55:02 (21830 turns).

Lavandula the Purifying Human (Human Monk)         Turns: 21830, Time: 00:55:02

Health: -7/125     AC: 23    Str: 17    XL:     16   Next: 21%
Magic:  28/35      EV:  2    Int: 16    God:    Elyvilon [*****.]
Gold:   1270       SH:  0    Dex: 18    Spells: 18/25 levels left

rFire   + . .      SeeInvis .    s - +6 dagger (distort)
rCold   + . .      Faith    .    K - +2 buckler
rNeg    . . .      Spirit   .    D - +4 acid dragon scales
rPois   +          Reflect  .    u - +3 hat of Pondering {ponderous, Will+ MP+10 Int+5}
rElec   +          Harm     .    (no cloak)
rCorr   +          Rampage  .    (no gloves)
Will    ++...                    a - +2 pair of boots of Coseduul {rPois}
Stlth   +++                      y - amulet of regeneration
HPRegen 1.20/turn                q - +5 ring of evasion
MPRegen 0.24/turn                P - +4 ring of protection

@: paralysed, resistant, on berserk cooldown, hasted and slowed, slow
A: no striking features
a: Renounce Religion, Purification, Heal Other, Heal Self, Divine Vigour


You were on level 1 of the Shoals.
You worshipped Elyvilon.
Elyvilon was extremely pleased with you.
You visited 3 branches of the dungeon, and saw 21 of its levels.

You collected 1663 gold pieces.
You spent 393 gold pieces at shops.

Inventory:

Hand Weapons
 s - a +6 dagger of distortion (weapon)
Missiles
 j - 23 poisoned darts (quivered)
 E - 3 throwing nets
Armour
 a - the +2 pair of boots of Coseduul (worn) {rPois}
   (You bought it in a shop on level 2 of the Dungeon)

   rPois:     It protects you from poison.
 u - the +3 hat of Pondering (worn) {ponderous, Will+ MP+10 Int+5}
   (You took it off Gastronok on level 2 of the Lair of Beasts)

   Int:       It affects your intelligence (+5).
   MP:        It affects your magic capacity (+10).
   Will:      It increases your willpower.
 D - +4 acid dragon scales (worn)
 K - a +2 buckler (worn)
 L - a +2 robe of cold resistance
Jewellery
 b - a ring of magical power
 m - a ring of protection from cold
 p - an amulet of guardian spirit
 q - a +5 ring of evasion (left hand)
 y - an amulet of regeneration (around neck)
 F - a ring of positive energy
 M - a ring of ice
 P - a +4 ring of protection (right hand)
 Q - an amulet of faith
 R - a +6 ring of strength
Wands
 d - a wand of polymorph (14)
 g - a wand of flame (12)
 w - a wand of quicksilver (4)
 C - a wand of iceblast (9)
 J - a wand of paralysis (10)
 N - a wand of mindburst (6)
 O - a wand of digging (7)
Scrolls
 e - 2 scrolls of brand weapon
 l - a scroll of butterflies
 z - 6 scrolls of poison
 G - 3 scrolls of vulnerability
 H - a scroll of silence
 I - 3 scrolls of amnesia
Potions
 c - 5 potions of ambrosia
 f - a potion of haste
 h - 3 potions of curing
 i - 2 potions of attraction
 k - 3 potions of flight
 n - 2 potions of mutation
 o - 5 potions of heal wounds
 r - 3 potions of berserk rage
 t - 2 potions of degeneration {unknown}
 v - a potion of might {unknown}
 x - 2 potions of resistance {unknown}
 A - 2 potions of brilliance {unknown}
 B - 5 potions of lignification {unknown}


   Skills:
 - Level 11.1 Fighting
 - Level 9.6(10.0) Short Blades
 - Level 4.0(7.3) Long Blades
 - Level 4.6 Maces & Flails
 - Level 5.1 Throwing
 - Level 9.5 Armour
 - Level 9.8 Dodging
 - Level 4.2 Stealth
 - Level 4.0 Shields
 - Level 5.3 Spellcasting
 + Level 10.2 Summonings
 - Level 5.8 Translocations
 - Level 12.1 Invocations
 - Level 5.1 Evocations


You had 18 spell levels left.
You knew the following spells:

 Your Spells              Type           Power      Damage    Failure   Level
a - Blink                 Tloc           46%        N/A       3%          2
b - Summon Forest         Summ/Tloc      15%        N/A       26%         5

Your spell library contained the following spells:

 Spells                   Type           Power      Damage    Failure   Level
 Summon Small Mammal      Summ           100%       N/A       1%          1
 Call Imp                 Summ           37%        N/A       1%          2
 Call Canine Familiar     Summ           37%        N/A       1%          3
 Summon Guardian Golem    Hex/Summ       20%        N/A       9%          3
 Vhi's Electric Charge    Tloc/Air       26%        N/A       22%         3
 Manifold Assault         Tloc           23%        N/A       22%         4
 Magic Dart               Conj           16%        1d3       24%         1
 Sting                    Tmut/Pois      16%        1d3       24%         1
 Poisonous Vapours        Pois/Air       8%         N/A       36%         2
 Static Discharge         Conj/Air       8%         2-3/arc   36%         2
 Sublimation of Blood     Necr           4%         N/A       36%         2
 Wereblood                Tmut           4%         N/A       36%         2
 Inner Flame              Hex/Fire       4%         N/A       58%         3
 Mephitic Cloud           Conj/Pois/Air  4%         N/A       58%         3
 Anguish                  Hex/Necr       2%         N/A       94%         4
 Flame Wave               Conj/Fire      4%         2d5       94%         4
 Ice Form                 Ice/Tmut       4%         N/A       94%         4
 Leda's Liquefaction      Hex/Erth       2%         N/A       94%         4
 Olgreb's Toxic Radiance  Pois           4%         N/A       94%         4
 Petrify                  Tmut/Erth      4%         N/A       94%         4
 Sticky Flame             Conj/Fire      4%         2d3       94%         4
 Summon Hydra             Summ           18%        N/A       97%         7
 Arcjolt                  Conj/Air       2%         1d12      100%        5
 Irradiate                Conj/Tmut      2%         3d12      100%        5
 Lee's Rapid Deconstruct  Erth           2%         3d4*      100%        5
 Lightning Bolt           Conj/Air       2%         1d13      100%        5
 Yara's Violent Unravell  Hex/Tmut       2%         3d3       100%        5
 Eringya's Noxious Bog    Tmut/Pois      2%         N/A       100%        6
 Statue Form              Tmut/Erth      2%         N/A       100%        6
 Enfeeble                 Hex            2%         N/A       100%        7
 Storm Form               Tmut/Air       2%         N/A       100%        7


Dungeon Overview and Level Annotations

Branches:
Dungeon (15/15)            Temple (0/1) D:7            Lair (5/5) D:9
 Shoals (1/4) Lair:2        Snake (0/4) Lair:3        Slime (0/5) Lair:5
    Orc (0/2) D:12         Vaults (0/5) D:14         Depths (0/4) D:15

Altars:
Elyvilon
Hepliaklqana
Makhleb
Nemelex Xobeh
Okawaru
Sif Muna
Trog

Shops:
D:2 [((?   D:5 *   D:8 *

Portals:
Trove: D:10 (give horn of Geryon)

Annotations:
D:5 Dowan, Duvessa
D:9 3 runed translucent doors, TryHard88's ghost, novice MiBe
Shoals:1 Mlioglotl
Abyss:1 Rupert


Message History

The ufetubus closely misses you.
Space becomes stable.
You are no longer terrified.
The snapping turtle barely misses you.
A starcursed mass splits. x2
The wind drake bites you but does no damage.
You puncture the faun!
Space warps around the faun.
The faun is moderately wounded.
The faun splashes around in the water.
The snapping turtle misses you.
A starcursed mass splits.
A cacophony of accursed wailing tears at your sanity!
* * * LOW HITPOINT WARNING * * *
You closely miss the wind drake.
The wind drake is almost dead.
The hellwing barely misses you. The hellwing misses you.
The wind drake closely misses you.
You miss the wind drake.
The wind drake is almost dead.
You puncture the faun!
The faun is heavily wounded.
You are no longer berserk.
You are exhausted.
You feel yourself slow down. The faun hits you with a +0 spear!
* * * LOW HITPOINT WARNING * * *
A cacophony of accursed wailing tears at your sanity!
* * * LOW HITPOINT WARNING * * *
You suddenly lose the ability to move!
A starcursed mass splits.
The snapping turtle bites you but does no damage.
The hellwing hits you but does no damage. x2
The wind drake bites you but does no damage.
A starcursed mass splits.
The starcursed mass touches you but does no damage.
The faun hits you but does no damage.
The snapping turtle bites you but does no damage.
The wind drake flaps its wings at you. The air twists around and strikes you.
Elyvilon protects you from harm!
The hellwing hits you but does no damage.
The hellwing completely misses you.
The starcursed mass touches you but does no damage.
A cacophony of accursed wailing tears at your sanity!
You die...

≈≈≈≈≈≈~~~~~~Z≈≈≈~~~≈≈≈≈≈
≈≈≈≈~~~~~~~5~~~~~~~~≈≈≈≈
~~~~~~~~~hR5XZ~~~~~~≈≈≈≈
~~~~~~~~~#XXX5X~~~~~~≈≈≈
~~..~~~~X.XX5XXX~X~~~~~≈
....~.~<$.##5#X~~~~~~~~~
.......~..##♣X#XX~~~~~~~
.......~.t###X3X.....~~~
.......~~5.#@4X..##♣..~~
.....~~~~~~cktX~.# #..~
.....~~~~~~~mX4~~.# ..~
......~~~~~~~~~~~... ~~
......~~~~~~~~~~~~...
/...~~~~~~~~~~≈~~~~~
....~~~~~~~~~≈≈≈≈~~~
...~~~~~~~~≈≈≈≈~~
..~~~~≈≈≈≈≈≈≈≈~


You could see 11 starcursed masses, Mlioglotl (strong), a snapping turtle, a
wind drake (repels missiles), a faun, a large abomination (summoned), a hellwing
(summoned), a water nymph, a ynoxinul (summoned) and a chaos spawn (summoned).

Vanquished Creatures
  Gastronok (Lair:2)
  Fannar (Lair:3)
  Harold (D:9)
  3 hydras
  2 vault guards (D:14)
  5 centaur warriors
  A catoblepas (Lair:4)
  2 death yaks (Lair:5)
  2 boulder beetles (D:15)
  A death knight (D:12)
  3 two-headed ogres
  A phantasmal warrior (D:13)
  A wolf spider zombie (D:15)
  A necromancer (D:15)
  A wolf spider (D:15)
  5 ugly things (D:15)
  5 cyclopes
  An oklob plant (Lair:2)
  6 manticores
  2 orc sorcerers (D:15)
  A naga mage (D:15)
  A guardian serpent (Lair:2)
  A black mamba (Lair:1)
  A gargoyle (D:12)
  An unseen horror (D:11)
  4 rime drakes
  A centaur skeleton (D:15)
  8 cane toads
  An efreet (D:15)
  6 komodo dragons
  A freezing wraith (D:15)
  6 trolls
  A meliai (D:15)
  2 polar bears
  10 hornets
  Grinder (D:4)
  14 blink frogs
  A dream sheep (Lair:3)
  A centaur simulacrum (D:15)
  10 slime creatures
  A spriggan (shapeshifter) (D:15)
  A vampire (D:12)
  A shadow (D:12)
  3 wraiths
  14 yaks
  13 spriggans (Lair:5)
  4 wyverns
  7 humans
  Eustachio (D:6)
  3 basilisks
  4 steam dragons
  3 wargs (D:12)
  7 vampire mosquitoes
  An acid dragon (D:11)
  13 water moccasins
  A floating eye (shapeshifter) (D:14)
  2 orc warriors
  An ice beast (D:6)
  4 black bears
  4 sky beasts
  3 boggarts (Lair:5)
  21 wolves
  4 ogres
  2 centaurs
  2 scorpions
  A gnoll sergeant (D:13)
  13 bullfrogs
  9 wights
  10 killer bees
  3 electric eels (D:12)
  7 howler monkeys
  4 gnoll boudas
  10 orc priests
  4 hounds
  6 jellies
  Jessica (D:2)
  2 iguanas (D:5)
  8 orc wizards
  7 hell rats
  21 gnolls
  10 adders
  A shadow imp (D:6)
  3 white imps
  2 ufetubi (D:4)
  3 worms
  2 dart slugs (D:1)
  44 orcs
  6 ball pythons
  8 endoplasms
  3 giant cockroaches
  8 hobgoblins
  8 jackals
  2 quokkas (D:2)
  7 bats
  A frilled lizard (D:1)
  8 goblins
  9 kobolds
  7 rats
475 creatures vanquished.

Vanquished Creatures (collateral kills)
  A centaur skeleton (D:15)
  2 slime creatures (D:15)
3 creatures vanquished.

Vanquished Creatures (others)
  A centaur warrior (D:15)
  A catoblepas (D:15)
  A death yak (Lair:5)
  2 wolf spiders (D:15)
  An elephant (D:9)
  3 polar bears (Lair:5)
  A hornet (Lair:5)
  5 yaks (D:10)
  A human (D:14)
  An orc warrior (D:12)
  2 wolves (Lair:5)
  A bush (Lair:3)
  49 fungi
  56 plants
  A snaplasher vine (Shoals:1)
126 creatures vanquished.

Grand Total: 604 creatures vanquished

Notes
Turn   | Place    | Note
-------+----------+-------------------------------------------
     0 | D:1      | Lavandula the Human Monk began the quest for the Orb.
     0 | D:1      | Reached XP level 1. HP: 18/18 MP: 1/1
   300 | D:1      | Reached XP level 2. HP: 20/24 MP: 2/2
   724 | D:1      | Reached XP level 3. HP: 18/28 MP: 3/3
   953 | D:1      | Reached skill level 1 in Maces & Flails
  1219 | D:2      | Found Lotisioq's Magic Scroll Shop.
  1224 | D:2      | Bought a scroll of identify for 20 gold pieces
  1224 | D:2      | Bought a scroll of butterflies for 40 gold pieces
  1229 | D:2      | Found Guinn's Weapon Boutique.
  1306 | D:2      | Reached XP level 4. HP: 26/35 MP: 4/4
  1385 | D:2      | Noticed Jessica
  1396 | D:2      | Killed Jessica
  1397 | D:2      | Reached skill level 1 in Short Blades
  1471 | D:2      | Found Gekanu's Armour Boutique.
  1627 | D:2      | Found Huoqour's Weapon Shoppe.
  1740 | D:2      | Reached XP level 5. HP: 38/41 MP: 5/5
  2727 | D:3      | Reached XP level 6. HP: 47/47 MP: 6/6
  3666 | D:4      | Noticed Grinder
  3689 | D:5      | Entered Level 5 of the Dungeon
  3769 | D:5      | Noticed Dowan
  3771 | D:5      | Noticed Duvessa
  3869 | D:5      | Found a shimmering blue altar of Sif Muna.
  3939 | D:5      | Reached XP level 7. HP: 36/52 MP: 7/7
  4121 | D:5      | Found Qoalecku's Gadget Gallery.
  4416 | D:6      | Reached skill level 5 in Short Blades
  4457 | D:6      | Reached XP level 8. HP: 58/58 MP: 8/8
  4700 | D:6      | Found a white marble altar of Elyvilon.
  4751 | D:6      | Became a worshipper of Elyvilon the Healer
  4751 | D:6      | Reached * piety under Elyvilon
  4751 | D:6      | Reached ** piety under Elyvilon
  5028 | D:6      | Noticed Eustachio
  5045 | D:6      | Noticed Maggie
  5301 | D:4      | Killed Grinder
  5571 | D:6      | Maggie changed into Maggie the sky beast
  5571 | D:6      | Noticed Maggie
  5601 | D:6      | Killed Maggie the sky beast
  5602 | D:6      | Reached XP level 9. HP: 43/64 MP: 9/9
  5753 | D:6      | Killed Eustachio
  5864 | D:6      | Reached skill level 1 in Throwing
  6083 | D:7      | Reached skill level 1 in Invocations
  6112 | D:7      | Found a staircase to the Ecumenical Temple.
  6156 | D:7      | Reached skill level 2 in Invocations
  6207 | D:7      | Banished an unseen horror
  6208 | D:7      | Reached skill level 4 in Invocations
  6288 | D:7      | Reached skill level 5 in Invocations
  6488 | D:7      | Reached skill level 6 in Invocations
  6725 | D:6      | Reached XP level 10. HP: 69/70 MP: 13/15
  6874 | D:2      | Bought the +2 pair of boots of Coseduul {rPois} for 308
                  | gold pieces
  7030 | D:8      | Reached skill level 7 in Invocations
  7130 | D:8      | Reached *** piety under Elyvilon
  7133 | D:8      | Found Zaxutieph's Assorted Antiques.
  7156 | D:8      | Bought a bubbling ruby potion for 25 gold pieces
  7212 | D:8      | Reached skill level 8 in Invocations
  7283 | D:8      | Reached skill level 9 in Invocations
  7338 | D:8      | Learned a level 2 spell: Blink
  7340 | D:8      | Found a hazy altar of Hepliaklqana.
  7345 | D:8      | Reached skill level 1 in Translocations
  7888 | D:9      | Found a staircase to the Lair.
  7888 | D:9      | Noticed an elephant
  7897 | D:9      | Reached skill level 5 in Translocations
  7903 | D:9      | Killed an elephant
  7999 | D:9      | Reached XP level 11. HP: 56/75 MP: 18/18
  8000 | D:9      | Reached skill level 10 in Invocations
  8057 | D:9      | Noticed TryHard88's ghost (novice MiBe)
  8091 | D:9      | Found a runed translucent gate.
  8091 | D:9      | Found a runed translucent gate.
  8167 | D:9      | Found an iron altar of Okawaru.
  8169 | D:9      | Found a burning altar of Makhleb.
  8172 | D:9      | Reached skill level 11 in Invocations
  8336 | D:9      | Reached **** piety under Elyvilon
  8396 | D:9      | Noticed Harold
  8410 | D:9      | Killed Harold
  8467 | D:9      | Reached skill level 12 in Invocations
  8567 | D:9      | Found a runed translucent gate.
  8849 | D:10     | Entered Level 10 of the Dungeon
  8852 | D:10     | Reached skill level 1 in Armour
  8944 | D:10     | Noticed a two-headed ogre
  8954 | D:10     | Noticed a two-headed ogre
  9271 | D:10     | Pacified a two-headed ogre
  9506 | D:10     | Found a portal to a secret trove of treasure.
  9642 | D:11     | Noticed a two-headed ogre
  9645 | D:11     | Pacified a two-headed ogre
  9646 | D:11     | Reached skill level 5 in Dodging
  9742 | D:11     | Noticed Snorg
  9743 | D:11     | Pacified Snorg
  9744 | D:11     | Reached XP level 12. HP: 81/81 MP: 18/21
  9846 | D:11     | Found an iron altar of Okawaru.
 10093 | D:11     | Reached skill level 5 in Armour
 10514 | D:12     | Noticed a rakshasa
 10514 | D:12     | Noticed a skyshark
 10519 | D:12     | Pacified a skyshark
 10534 | D:12     | Banished a rakshasa
 10535 | D:12     | Noticed a sea snake
 10752 | D:12     | Noticed a centaur warrior
 10760 | D:12     | Banished a centaur warrior
 10844 | D:12     | Reached skill level 1 in Evocations
 10994 | D:12     | Reached ***** piety under Elyvilon
 11006 | D:12     | Identified the +1 trident of Duvusaw {heavy, Str+4 Dex+3}
 11066 | D:12     | Found a staircase to the Orcish Mines.
 11142 | D:12     | Reached skill level 5 in Evocations
 11229 | D:12     | Noticed a death knight
 11229 | D:12     | Noticed a skeletal warrior
 11239 | D:12     | Elyvilon protects you from harm!
 11392 | D:13     | Reached XP level 13. HP: 87/87 MP: 22/22
 11625 | D:13     | Noticed a centaur warrior
 11627 | D:13     | Killed a centaur warrior
 11628 | D:13     | Reached skill level 5 in Throwing
 11668 | D:13     | Noticed a centaur warrior
 11698 | D:13     | Killed a centaur warrior
 11765 | D:13     | Reached skill level 5 in Fighting
 12107 | D:14     | Noticed a five-headed hydra
 12221 | Lair:1   | Entered Level 1 of the Lair of Beasts
 12919 | Lair:1   | Noticed a four-headed hydra
 12934 | Lair:1   | Killed a four-headed hydra
 12971 | Lair:1   | Identified the +7 mace of Ignis {elec, Str+2}
 13418 | Lair:2   | Noticed a seven-headed hydra
 14041 | Lair:2   | Reached skill level 10 in Fighting
 14081 | Lair:2   | Found a staircase to the Shoals.
 14096 | Lair:2   | Noticed Gastronok
 14101 | Lair:2   | Pacified a seven-headed hydra
 14125 | Lair:2   | Killed Gastronok
 14126 | Lair:2   | Reached XP level 14. HP: 75/111 MP: 20/23
 14460 | Lair:2   | Learned a level 5 spell: Summon Forest
 14614 | Lair:3   | Noticed Fannar
 14634 | Lair:3   | Reached skill level 1 in Summonings
 14775 | Lair:3   | Killed Fannar
 14867 | Lair:3   | Found a staircase to the Snake Pit.
 14923 | Lair:3   | You fall into a shaft and drop 2 floors!
 14923 | Lair:5   | Entered Level 5 of the Lair of Beasts
 14963 | Lair:4   | Reached skill level 5 in Summonings
 16752 | Lair:5   | Reached skill level 1 in Shields
 16845 | Lair:5   | Found a staircase to the Slime Pits.
 17009 | Lair:5   | Reached XP level 15. HP: 61/117 MP: 24/24
 19311 | D:14     | Found a bloodstained altar of Trog.
 19353 | D:14     | Paralysed by a floating eye for 2 turns
 19436 | D:14     | Noticed Rupert
 19462 | D:14     | Banished Rupert
 19813 | D:14     | Found a sparkling altar of Nemelex Xobeh.
 19980 | D:14     | Reached skill level 1 in Spellcasting
 20044 | D:14     | Found a gate to the Vaults.
 20125 | D:15     | Entered Level 15 of the Dungeon
 20195 | D:15     | Reached ****** piety under Elyvilon
 20230 | D:14     | Upgraded the game from 0.30-a0-778-g2ef04afb54 to
                  | 0.30-a0-779-g7971cf19c3
 20533 | D:15     | Identified the +2 trident of the Howling One {heavy, rC+
                  | rN+ Int+5}
 20606 | D:15     | Reached skill level 5 in Spellcasting
 20785 | D:15     | Reached XP level 16. HP: 103/125 MP: 25/25
 20835 | D:15     | Found the +10 Black Knight's barding {ponderous, rPois rN+}
 20838 | D:15     | Got the Omnibus of the Terrestrial Figure
 21270 | D:15     | Found a staircase to the Depths.
 21343 | D:15     | Reached skill level 10 in Summonings
 21779 | Shoals:1 | Entered Level 1 of the Shoals
 21779 | Shoals:1 | Noticed Mlioglotl
 21801 | Shoals:1 | Paralysed by accursed screaming for 1 turns
 21828 | Shoals:1 | HP: 4/125 [starcursed mass/accursed screaming[Mlioglotl]
                  | (11)]
 21828 | Shoals:1 | Paralysed by accursed screaming for 2 turns
 21829 | Shoals:1 | Elyvilon protects you from harm!
 21830 | Shoals:1 | Killed from afar by a starcursed mass

Illustrated notes

Levels and vault maps discovered:
D:1:      minmay_arrival_cross, layout_basic, minivault_5,
          corexii_hall_statues_x
D:2:      layout_loops_ring, serial_shops, shop, nicolae_shop_stone,
          nicolae_shop_crystal, nicolae_shop_statue_plus, uniq_jessica
D:3:      layout_basic, minmay_misc_feat_hallway
D:4:      layout_loops_corners, uniq_grinder
D:5:      layout_basic, mainiacjoe_overflow_concentric_impassable,
          minmay_splitting_lines, nicolae_shop_gadgets, uniq_duvessa,
          uniq_crazy_yiuf_cottage
D:6:      layout_loops_ring, mainiacjoe_overflow_catwalk, uniq_maggie,
          uniq_eustachio
D:7:      layout_rooms, minmay_temple_entry_tees, hangedman_decor_push,
          minmay_misc_feat_diagonals
D:8:      layout_loops_ring, mainiacjoe_overflow_cross_hatched, serial_shops,
          shop, dreamdust_mushroom_princess
D:9:      layout_loops_ring, jmf_multi_god_temple, david_lair_generic,
          gammafunk_ghost_icy, uniq_harold
D:10:     layout_roguey, enter_trove_6
D:11:     layout_irregular_city, okawaru_humans, uniq_snorg
D:12:     layout_basic, minmay_orc_entry_guard_dogs
D:13:     layout_basic
D:14:     layout_irregular_city, ximxim_vaults_locker_room,
          nemelex_lonely_heart_becter, trog_three_pillars_becter, uniq_rupert
D:15:     grunt_enter_depths_magical_seal, layout_cave_pods,
          minmay_misc_feat_roman, minmay_the_grid_2x2
          [minmay_the_grid_minigrid_small_alt, minmay_the_grid_paths,
          minmay_the_grid_square_x, minmay_the_grid_prize_shrinking_boxes]
Lair:1:   cheibrodos_lair_river_kwai, layout_regular_city, columned_hall_lemuel
Lair:2:   layout_long_grid, elwin_shoals_entry_rocks,
          chequers_serial_rivers_small_b, minmay_holes, minivault_23,
          dreamdust_wasp_nest, uniq_gastronok
Lair:3:   layout_loops_ring, minmay_snake_entry_spellcaster,
          dreamdust_gnoll_shepherd, uniq_fannar
Lair:4:   layout_cave_pods, wad_woods_road_05, infiniplex_staircase_pool_2,
          lemuel_fruit_fields
Lair:5:   minmay_lair_end_enchanted_forest, layout_hall_layers,
          nicolae_slime_entry_slimehenge, serial_bayou_lake_a
Shoals:1: layout_shoals, nicolae_shoals_cliffside_cave, uniq_mlioglotl

Skill      XL: |  1  2  3  4  5  6  7  8  9 10 11 12 13 14 15 16 |
---------------+-------------------------------------------------+-----
Long Blades    | 4 |  4.0
Maces & Flails | 1 3 4 |  4.6
Short Blades   | 2 3 5 8 9 |  9.6
Throwing       | 1 3 5 |  5.1
Invocations    | 6 9 12 | 12.1
Translocations | 5 |  5.8
Armour         | 3 6 8 9 |  9.5
Dodging        | 6 7 9 |  9.8
Stealth        | 4 |  4.2
Evocations     | 5 |  5.1
Fighting       | 10 11 | 11.1
Summonings     | 8 10 | 10.2
Shields        | 4 |  4.0
Spellcasting   | 5 |  5.3

Action                     |  1- 3 |  4- 6 |  7- 9 | 10-12 | 13-15 | 16-18 || total
---------------------------+-------+-------+-------+-------+-------+-------++-------
  Melee: Falchion          |    66 |       |       |       |       |       ||    66
         Whip              |    31 |   194 |    89 |       |       |       ||   314
         Short sword       |       |    22 |   145 |       |       |       ||   167
         Punch             |       |       |     6 |     7 |    17 |       ||    30
         Dagger            |       |       |    63 |   598 |  1577 |   159 ||  2397
  Throw: Dart              |       |     2 |    36 |     8 |    24 |       ||    70
         Throwing net      |       |       |       |       |     1 |       ||     1
   Cast: Summon Forest     |       |       |       |       |     1 |     4 ||     5
 Invoke: Heal Other        |       |       |       |    13 |    16 |     2 ||    31
         Heal Self         |       |       |       |     5 |     4 |       ||     9
  Evoke: Wand              |       |       |     5 |     2 |     3 |     1 ||    11
    Use: Scroll            |       |     6 |     3 |     7 |     9 |     3 ||    28
         Potion            |       |       |       |       |     1 |     2 ||     3
   Stab: Sleeping          |     5 |     2 |     3 |     6 |     9 |       ||    25
         Distracted        |       |     1 |     2 |       |     3 |     1 ||     7
 Armour: Robe              |     9 |       |       |       |       |       ||     9
         Ring mail         |     9 |    69 |    42 |       |       |       ||   120
         Acid dragon scale |       |       |    25 |    92 |   343 |    72 ||   532
  Dodge: Dodged            |    53 |   127 |   179 |   352 |  1108 |   121 ||  1940
  Block: Buckler           |       |       |       |       |   138 |    57 ||   195

Table legend: (Time is in decaauts)
 A = Elapsed time spent in this place.
 B = Non-inter-level travel time spent in this place.
 C = Inter-level travel time spent in this place.
 D = Time resting spent in this place.
 E = Time spent auto-exploring this place.
 F = Levels seen in this place.
 G = Mean time per level.
                   A        B        C        D        E       F      G
               +--------+--------+--------+--------+--------+-----+--------+
         Total |  21221 |  19266 |   1955 |    944 |  13144 |  21 | 1010.5 |
       Dungeon |  15402 |  13775 |   1627 |    644 |   9371 |  15 | 1026.8 |
          Lair |   5788 |   5461 |    327 |    299 |   3773 |   5 | 1157.6 |
        Shoals |     30 |     30 |      0 |      0 |      0 |   1 |   30.0 |
               +--------+--------+--------+--------+--------+-----+--------+

Top non-repeatable levels by time:
  Lair:5: 1599 daAuts
    D:15: 1420 daAuts
    D:12: 1391 daAuts
     D:1: 1385 daAuts
  Lair:1: 1237 daAuts
     D:9: 1236 daAuts
     D:6: 1201 daAuts
     D:4: 1124 daAuts
  Lair:2: 1056 daAuts
     D:2: 1037 daAuts
  Lair:4: 1036 daAuts
    D:14: 989 daAuts
    D:11: 956 daAuts
    D:13: 898 daAuts
  Lair:3: 859 daAuts
